 Dungeon Crawl Stone Soup version 0.17.1-1-g73c8601 (webtiles) character file.

200 WhatsThis the Conjurer (level 5, -2/41 HPs)
             Began as a Draconian Conjurer on Dec 11, 2015.
             Was an Initiate of Vehumet.
             Slain by a worker ant (7 damage)
             ... on level 3 of the Dungeon on Dec 12, 2015.
             The game lasted 00:41:36 (4343 turns).

WhatsThis the Conjurer (Draconian Conjurer)         Turns: 4343, Time: 00:41:37

Health: -2/41      AC:  5    Str: 10    XL:     5   Next: 48%
Magic:  4/8        EV: 13    Int: 17    God:    Vehumet [......]
Gold:   124        SH:  0    Dex: 11    Spells: 3 memorised, 2 levels left

rFire  . . .     SeeInvis .     h - +0 spear
rCold  . . .     Clarity  .     (armour unavailable)
rNeg   . . .     SustAt   .     (no shield)
rPois  .         Gourm    .     (helmet restricted)
rElec  .         Spirit   .     (no cloak)
rCorr  .         Warding  .     (no gloves)
rMut   .         Stasis   .     (no boots)
MR     .....                    (no amulet)
Stlth  ++........               (no ring)
                                (no ring)

@: very slightly contaminated, slowed, very slow, not resistant to hostile
enchantments, unstealthy
A: unfitting armour, cold-blooded, AC +5
a: Renounce Religion


You were on level 3 of the Dungeon.
You worshipped Vehumet.
Vehumet was noncommittal.
You were not hungry.

You visited 1 branch of the dungeon, and saw 4 of its levels.

You collected 124 gold pieces.

Inventory:

Hand Weapons
 g - a +0 hunting sling
 h - a +0 spear (weapon)
 i - a +0 dagger
Missiles
 f - 131 stones (quivered)
 k - 13 bolts
 n - 14 poisoned arrows
 q - 115 arrows
Wands
 c - a wand of paralysis (4)
Scrolls
 l - a scroll of amnesia
 r - a scroll of enchant armour {unknown}
 t - 2 scrolls of remove curse
Potions
 o - a potion of poison {unknown}
 s - a potion of cancellation {unknown}
Books
 a - a book of Conjurations

   Spells                             Type                      Level
   a - Magic Dart                     Conjuration                  1
   b - Searing Ray                    Conjuration                  2
   c - Dazzling Spray                 Conjuration/Hexes            3
   d - Fulminant Prism                Conjuration/Hexes            4
   e - Iskenderun's Mystic Blast      Conjuration                  4
   f - Iskenderun's Battlesphere      Conjuration/Charms           5
Comestibles
 b - a chunk of flesh
 d - a meat ration
 m - a royal jelly
 p - 2 beef jerkies
 u - a bread ration
 v - 2 fruits


   Skills:
 + Level 2.0 Fighting
 + Level 1.4 Short Blades
 + Level 3.7 Dodging
 + Level 2.4 Stealth
 + Level 0.8 Unarmed Combat
 + Level 2.2 Spellcasting
 + Level 4.2 Conjurations


You had 2 spell levels left.
You knew the following spells:

 Your Spells              Type           Power        Failure   Level  Hunger
a - Magic Dart            Conj           ###.         3%          1    #......
b - Searing Ray           Conj           ###...       6%          2    ###....
c - Dazzling Spray        Conj/Hex       #.......     24%         3    ###....


Dungeon Overview and Level Annotations

Branches:
Dungeon (4/15)
 Temple: D:4-7

Altars:
Dithmenos
Fedhas
Kikubaaqudgha
Okawaru
Sif Muna
Vehumet
Xom
The Shining One


Innate Abilities, Weirdness & Mutations

Your plain brown scales are hard (AC +5).
Your body does not fit into most forms of armour.
You are cold-blooded and may be slowed by cold attacks.


Message History

The worker ant is severely wounded.
The helpless worker ant fails to defend itself.
You hit the worker ant but do no damage.
The worker ant is severely wounded.
The helpless worker ant fails to defend itself.
You hit the worker ant but do no damage.
The worker ant is severely wounded.
The helpless worker ant fails to defend itself.
You hit the worker ant but do no damage.
You tail-slap the worker ant.
The worker ant is almost dead.
The helpless worker ant fails to defend itself.
You hit the worker ant but do no damage.
The worker ant is almost dead.
The worker ant is no longer paralysed.
The worker ant barely misses you. The worker ant barely misses you.
You closely miss the worker ant.
The worker ant is almost dead.
The worker ant bites you!
You die...

# # ##############
#............#############
#.##########.............#######
..............####.............#
....########..####........####.#
..#.########....@a........# #.#
...............###........# #.#
#.#.#########.####........# #.#
....# #.....#.......# #.# #.###
######........####.# #.#
###.............# #.#
#.....#.######### #.#
######.#..##.## #.#
#......>.....)#


You could see a worker ant.

Vanquished Creatures
  A hound (D:4)
  A worker ant (D:4)
  9 adders
  2 oozes
  A worm (D:3)
  3 giant geckos
  3 goblins
  11 hobgoblins
  A quokka (D:2)
  A ball python (D:1)
  8 bats
  2 giant cockroaches
  5 giant newts
  4 kobolds
  9 rats
61 creatures vanquished.

Vanquished Creatures (others)
  A human (D:3)
1 creature vanquished.

Grand Total: 62 creatures vanquished

Notes
Turn   | Place    | Note
--------------------------------------------------------------
     0 | D:1      | WhatsThis the Draconian Conjurer began the quest for the Orb.
     0 | D:1      | Reached XP level 1. HP: 14/14 MP: 3/3
   811 | D:1      | Reached XP level 2. HP: 18/20 MP: 5/5
  1644 | D:1      | Learned a level 2 spell: Searing Ray
  1760 | D:1      | Reached XP level 3. HP: 24/27 MP: 6/6
  1826 | D:2      | Reached skill level 1 in Fighting
  2182 | D:2      | Found a shimmering altar of Xom.
  2182 | D:2      | Found an ancient bone altar of Kikubaaqudgha.
  2189 | D:2      | Found a shadowy altar of Dithmenos.
  2189 | D:2      | Found an iron altar of Okawaru.
  2221 | D:2      | Found a blossoming altar of Fedhas.
  2221 | D:2      | Found a glowing golden altar of the Shining One.
  2256 | D:2      | Reached skill level 1 in Short Blades
  2499 | D:2      | Reached XP level 4. HP: 15/35 MP: 1/7
  2996 | D:2      | Found a deep blue altar of Sif Muna.
  3110 | D:2      | Found a radiant altar of Vehumet.
  3271 | D:2      | Became a worshipper of Vehumet
  3325 | D:2      | Learned a level 3 spell: Dazzling Spray
  3689 | D:3      | Found an ancient bone altar of Kikubaaqudgha.
  3690 | D:3      | Noticed a human
  3692 | D:3      | Killed a human
  3749 | D:3      | Reached XP level 5. HP: 33/41 MP: 8/8
  4343 | D:3      | Slain by a worker ant

Action                   |  1- 3 |  4- 6 || total
-------------------------+-------+-------++-------
Melee: Unarmed           |    25 |       ||    25
       Dagger            |   150 |    90 ||   240
       Spear             |       |    19 ||    19
Throw: Stone             |     1 |     1 ||     2
 Cast: Magic Dart        |    18 |    30 ||    48
       Searing Ray       |       |     3 ||     3
Evoke: Wand              |       |     1 ||     1
  Use: Scroll            |       |     3 ||     3
 Stab: Sleeping          |     1 |     2 ||     3
       Paralysed         |       |     8 ||     8
  Eat: Chunk             |     5 |     3 ||     8
       Bread ration      |       |     1 ||     1
